 Dungeon Crawl Stone Soup version 0.31.0-12-g77e489cdc1 (webtiles) character file.

Game seed: 3369482833637891245

109 BigDaddyOpFi the Chopper (level 4, -2/61 HPs)
             Began as a Hill Orc Monk on Feb 29, 2024.
             Slain by Crazy Yiuf
             ... wielding a +2 quarterstaff of chaos
              (7 damage)
             ... on level 2 of the Dungeon.
             The game lasted 00:03:20 (1707 turns).

BigDaddyOpFi the Chopper (Hill Orc Monk)            Turns: 1707, Time: 00:03:21

Health: -2/61      AC:  3    Str: 15    XL:     4   Next: 90%
Magic:  4/4        EV:  5    Int: 10    God:
Gold:   57         SH:  0    Dex: 13    Spells: 3/3 levels left

rFire   . . .        f - +0 war axe
rCold   . . .        h - +0 tower shield
rNeg    . . .        g - +0 scale mail
rPois   .            (no helmet)
rElec   .            e - +0 cloak
rCorr   .            (no gloves)
SInv    .            (no boots)
Will    .....        (no amulet) Stlth
                     (no ring)
HPRegen 0.30/turn    (no ring)
MPRegen 0.09/turn

%: no passive effects
@: confused, berserking, corroded, very quick
A: no striking features
a: no special abilities


You were on level 2 of the Dungeon.
You visited 1 branch of the dungeon, and saw 2 of its levels.

You collected 102 gold pieces.
You spent 45 gold pieces at shops.

Inventory:

Hand Weapons
 f - a +0 war axe (weapon)
Armour
 d - an orb of light
 e - a +0 cloak (worn)
 g - a +0 scale mail (worn)
 h - a +0 tower shield (worn)
Scrolls
 b - a scroll of identify
Potions
 a - a potion of berserk rage {unknown}
 c - a potion of ambrosia
 i - a potion of magic {unknown}


   Skills:
 + Level 4.8 Fighting
 + Level 5.2 Axes
 + Level 3.2 Dodging


You had 3 spell levels left.
You didn't know any spells.
Your spell library contained the following spells:

 Spells                   Type           Power      Damage    Failure   Level
 Animate Dead             Necr           0%         N/A       100%        4
 Borgnjor's Vile Clutch   Necr/Erth      0%         N/A       100%        5
 Death Channel            Necr           0%         N/A       100%        6


Dungeon Overview and Level Annotations

Branches:
Dungeon (2/15)

Altars:

Shops:
D:1 !   D:2 ?!((

Annotations:
D:2 Crazy Yiuf


Message History

You see here 6 stones.
There is an entrance to Lopsi's Magic Scroll Boutique here.
Crazy Yiuf shouts!
No reachable target in view!
Could not explore, unopened runed door.
No reachable target in view!
Could not explore, unopened runed door.
No reachable target in view!
Could not explore, unopened runed door.
No reachable target in view!
As you open the door, it creaks loudly!
Crazy Yiuf twirls on the spot.
You closely miss Crazy Yiuf. Crazy Yiuf barely misses you.
Crazy Yiuf hits you with a +2 quarterstaff of chaos!
You completely miss Crazy Yiuf.
Crazy Yiuf says, "Crazy?
Crazy!?
PORCUPINE!"
Crazy Yiuf hits you with a +2 quarterstaff of chaos.
Crazy Yiuf freezes you. Crazy Yiuf hits you but does no damage.
A red film seems to cover your vision as you go berserk!
You feel yourself moving faster!
You feel mighty!
You barely miss Crazy Yiuf.
Crazy Yiuf hits you with a +2 quarterstaff of chaos!
You are confused.
Unknown command.
You bump into the tree.
Crazy Yiuf barely misses you.
You bump into the stone wall.
You feel a strong urge to attack something.
You miss Crazy Yiuf.
Crazy Yiuf says, "Hack bush return to song!"
Crazy Yiuf hits you with a +2 quarterstaff of chaos!
The acid corrodes you!
You miss Crazy Yiuf.
Crazy Yiuf hits you with a +2 quarterstaff of chaos!
* * * LOW HITPOINT WARNING * * *
Crazy Yiuf cries, "Action bag eyeball!"
Crazy Yiuf hits you with a +2 quarterstaff of chaos!
* * * LOW HITPOINT WARNING * * *
You closely miss Crazy Yiuf.
Crazy Yiuf hits you with a +2 quarterstaff of chaos!
You die...

#.## #.# #.####.#
# ###.# #.# #.#
#.# # #...# #.#
#.# #.# # #.###
### ### #.# ##.#
#.# #..##♣♣♣♣♣
#.# #.#.#..♣.♣♣♣
### #.#
#.......♣..♣#...#
#.#
#......♣♣♣♣@g...#
#.# ##..#.♣♣
♣♣#..)# #.#
####♣♣ ###
#.###### #.......
########


You could see Crazy Yiuf.

Vanquished Creatures
  Natasha (thrice) (D:2)
  A ribbon worm (D:2)
  2 bats
  5 endoplasms
  A giant cockroach (D:1)
  2 goblins (D:1)
  3 hobgoblins
  3 jackals (D:2)
  3 kobolds
  5 ball pythons
  A frilled lizard (D:1)
  3 rats
32 creatures vanquished.

Notes
Turn   | Place    | Note
-------+----------+-------------------------------------------
     0 | D:1      | BigDaddyOpFi the Hill Orc Monk began the quest for the Orb.
     0 | D:1      | Reached XP level 1. HP: 19/19 MP: 1/1
    63 | D:1      | Found Ducelat's Distillery.
   103 | D:1      | Reached XP level 2. HP: 26/27 MP: 2/2
   505 | D:1      | You fall into a shaft and drop 1 floor!
   539 | D:2      | Found Qunwisch's Weapon Shoppe.
   547 | D:2      | Bought a +0 war axe for 45 gold pieces
   606 | D:2      | Reached XP level 3. HP: 30/33 MP: 3/3
   715 | D:2      | Found Lutosm's Distillery.
   759 | D:2      | Noticed Natasha
   766 | D:2      | Killed Natasha
   931 | D:2      | Reached XP level 4. HP: 41/41 MP: 4/4
  1031 | D:2      | Found Lopsi's Magic Scroll Boutique.
  1080 | D:2      | Found a runed translucent door.
  1081 | D:2      | Noticed Crazy Yiuf
  1153 | D:2      | Noticed Natasha
  1160 | D:2      | Killed Natasha
  1161 | D:2      | Reached skill level 5 in Axes
  1165 | D:2      | Noticed Natasha
  1173 | D:2      | Killed Natasha
  1554 | D:2      | Found Vugg's Antique Weapon Shoppe.
  1580 | D:2      | Identified the +2 leather armour "Xyodin" {Str+3}
  1707 | D:2      | Slain by Crazy Yiuf

Illustrated notes

Levels and vault maps discovered:
D:1:      minmay_arrival_stair_chambers, layout_loops_cross, serial_shops,
          nicolae_shop_industrial_runoff
D:2:      layout_loops_ring, serial_shops, shop, shop,
          nicolae_shop_gibbet_a_chance, nicolae_shop_behind_doors, st_stairs_8,
          ebering_dispersal_statue_hall, nrook_campfire, reono_crystal_passage,
          hangedman_glass_teeth, uniq_crazy_yiuf_cottage, uniq_natasha

Skill      XL: |  1  2  3  4 |
---------------+-------------+-----
Fighting       | 4 |  4.8
Dodging        | 3 |  3.2
Axes           | 5 |  5.2

Action                     |  1- 3 |  4- 6 || total
---------------------------+-------+-------++-------
  Melee: Hand axe          |    53 |       ||    53
         War axe           |    18 |    19 ||    37
    Use: Scroll            |     1 |       ||     1
 Armour: Robe              |    27 |       ||    27
         Scale mail        |    11 |    17 ||    28
  Dodge: Dodged            |    50 |     3 ||    53
  Block: Tower shield      |     6 |     6 ||    12
